 Dungeon Crawl Stone Soup version 0.25.1-2-g60ff931df9 (webtiles) character file.

Game seed: 445557748754632682

19580 GameOver the Dealer of Despair (level 12, -2/103 HPs)
             Began as a Naga Wizard on Sept 24, 2020.
             Was an Elder of Kikubaaqudgha.
             Killed from afar by an ice statue (9 damage)
             ... with a freezing blast
             ... in an ice cave on Oct 3, 2020.
             The game lasted 01:32:29 (11373 turns).

GameOver the Dealer of Despair (Naga Wizard)       Turns: 11373, Time: 01:32:30

Health: -2/103     AC: 15    Str: 10    XL:     12   Next: 70%
Magic:  15/25      EV: 10    Int: 23    God:    Kikubaaqudgha [****..]
Gold:   686        SH:  0    Dex: 10    Spells: 12/29 levels left

rFire    + . .     SeeInvis +   s - +5 spear (flame)
rCold    . . .     Gourm    .   (no shield)
rNeg     . . .     Faith    .   O - +2 steam dragon scales (curse)
rPois    +         Spirit   .   b - +0 helmet
rElec    .         Reflect  .   B - +2 cloak {rCorr}
rCorr    +         Harm     .   H - +0 pair of gloves
MR       ++...                  (no barding)
Stlth    ++++......             (no amulet)
HPRegen  0.27/turn              c - ring of protection from magic
MPRegen  0.19/turn              i - ring of protection from fire

@: very slow
A: large, see invisible, deformed body, poison resistance, slowness 2, slow
metabolism 1, spit poison 1, AC +4
a: Spit Poison, Receive Corpses, Renounce Religion


You were in an ice cave.
You worshipped Kikubaaqudgha.
Kikubaaqudgha was greatly pleased with you.
You were not hungry.

You visited 3 branches of the dungeon, and saw 13 of its levels.
You also visited: Ice Cave.

You collected 944 gold pieces.
You spent 258 gold pieces at shops.

Inventory:

Hand Weapons
 s - a +5 spear of flaming (weapon)
 w - a +2 flail of protection
 N - a +1 glaive of flaming
Armour
 b - a +0 helmet (worn)
 B - a +2 cloak of preservation (worn)
 H - a +0 pair of gloves (worn)
 O - cursed +2 steam dragon scales (worn)
Jewellery
 c - a ring of protection from magic (left hand)
 i - a ring of protection from fire (right hand)
 m - an uncursed ring of fire
Wands
 q - a wand of iceblast (7)
 t - a wand of random effects (30)
 v - a wand of enslavement (9)
 x - a wand of acid (8)
 I - a wand of paralysis (6)
Scrolls
 f - 5 scrolls of magic mapping
 k - 5 scrolls of remove curse
 l - 2 scrolls of amnesia
 o - 2 scrolls of blinking
 p - 12 scrolls of teleportation
 r - a scroll of identify
 z - a scroll of random uselessness {unknown}
 A - a scroll of summoning {unknown}
 C - a scroll of holy word {unknown}
 D - a scroll of enchant weapon {unknown}
 F - a scroll of brand weapon
 J - a scroll of fear
 L - 2 scrolls of immolation
Potions
 e - a potion of brilliance {unknown}
 g - 2 potions of magic {unknown}
 h - 8 potions of curing
 j - a potion of invisibility {unknown}
 n - 4 potions of heal wounds
 u - 3 potions of cancellation
 y - 2 potions of might {unknown}
 E - 3 potions of ambrosia {unknown}
 K - 2 potions of berserk rage
 M - 2 potions of lignification {unknown}
Comestibles
 a - 4 chunks of flesh
 d - 22 rations


   Skills:
 + Level 5.1 Fighting
 - Level 3.7(4.0) Maces & Flails
 + Level 5.5(5.7) Polearms
   Level 1.9(4.7) Staves
 - Level 5.0 Armour
 - Level 1.5 Dodging
 - Level 9.0 Stealth
 + Level 9.4 Spellcasting
 - Level 6.0 Conjurations
   Level 1.0 Summonings
 + Level 9.4 Necromancy
 - Level 3.0 Translocations
 - Level 3.0 Fire Magic
 - Level 9.0 Poison Magic


You had 12 spell levels left.
You knew the following spells:

 Your Spells              Type           Power        Failure   Level  Hunger
a - Magic Dart            Conj           ####         1%          1    None
b - Blink                 Tloc           N/A          2%          2    None
c - Dispel Undead         Necr           ######..     1%          4    ##.....
d - Mephitic Cloud        Conj/Pois/Air  ####....     2%          3    None
f - Conjure Flame         Conj/Fire      ####....     2%          3    None
q - Animate Dead          Necr           N/A          1%          4    ##.....

Your spell library contained the following spells:

 Spells                   Type           Power        Failure   Level  Hunger
 Animate Skeleton         Necr           N/A          1%          1    None
 Pain                     Necr           ####         1%          1    None
 Sublimation of Blood     Necr           ######....   1%          2    None
 Vampiric Draining        Necr           ######....   1%          3    None
 Agony                    Necr           ######..     3%          5    ####...
 Call Imp                 Summ           ###.....     6%          2    None
 Slow                     Hex            ##......     9%          2    None
 Death Channel            Necr           ######....   19%         6    ######.
 Excruciating Wounds      Chrm/Necr      ####......   24%         5    ####...


Dungeon Overview and Level Annotations

Branches:
Dungeon (10/15)            Temple (1/1) D:7            Lair (2/6) D:9
  IceCv (1/1)
  Swamp: Lair:2-4    Shoals: Lair:2-4     Snake: Lair:2-4    Spider: Lair:2-4
    Orc: D:9-12

Altars:
Ashenzari
Cheibriados
Dithmenos
Elyvilon
Fedhas
Gozag
Hepliaklqana
Kikubaaqudgha
Makhleb
Nemelex Xobeh
Okawaru
Qazlal
Ru
Sif Muna
Trog
Uskayaw
Vehumet
Xom
Yredelemnul
Zin
The Shining One

Shops:
D:4 [   D:6 *   D:9 (

Annotations:
IceCv exclusion: ice statue


Innate Abilities, Weirdness & Mutations

You cannot wear boots.
Your serpentine skin is tough. (AC +4)
You have supernaturally acute eyesight. (SInv)
Armour fits poorly on your strangely shaped body.
Your system is resistant to poisons. (rPois)
You cover ground very slowly.
You have a slow metabolism.
You can spit poison.


Message History

Unknown command.
The ice statue gestures at you. The freezing blast engulfs you!
Your yak zombie is engulfed in freezing vapours.
Your yak zombie gores the ice statue!
Unknown command.
Unknown command.
Casting: Blink (safe; 2% risk of failure)
Confirm with . or Enter, or press ? or * to list all spells.
You blink.
You are engulfed in freezing vapours.
* * * LOW HITPOINT WARNING * * *
You have got your breath back.
Your yak zombie gores the ice statue but does no damage.
Found a tapered fluorescent wand.
You feel better.
You are engulfed in freezing vapours.
* * * LOW HITPOINT WARNING * * *
The ice statue gestures at you. The freezing blast engulfs you!
You die...
Kikubaaqudgha rasps: "You have failed me!
Welcome... death!"

# #.. #...#
###....# ##○..#
####○○°## #
#.@○○Y## ###
#.#○○8Z.## #.. #.
###...°##########.
#/
###.†.##...##.Z. #
###...##...###
##########


You could see an ice statue, an ice beast (summoned) and a friendly yak zombie.

Vanquished Creatures
  Gastronok (D:9)
  A hydra (Lair:1)
  A two-headed ogre (D:8)
  A cyclops (D:10)
  2 spiny frogs
  Maggie (D:9)
  A troll (D:9)
  6 polar bears (IceCv)
  4 blink frogs (Lair:1)
  4 hippogriffs
  A wraith (D:7)
  A spriggan (D:8)
  30 yaks
  A wyvern (D:10)
  A basilisk (Lair:2)
  2 wargs (D:9)
  Edmund (D:5)
  A water moccasin (D:9)
  A porcupine (Lair:1)
  3 ice beasts
  4 orc warriors
  A black bear (D:9)
  3 phantoms
  4 sky beasts
  2 ogres (D:9)
  23 wolves
  5 centaurs
  A gnoll sergeant (D:9)
  6 bullfrogs
  An elf skeleton (D:7)
  5 killer bees (D:9)
  4 scorpions
  2 howler monkeys
  6 wights
  A quasit (D:9)
  A bullfrog zombie (D:9)
  4 crimson imps
  2 centaur zombies
  4 hounds
  6 human zombies (D:7)
  4 jellies
  5 orc priests
  Crazy Yiuf (D:4)
  8 orc wizards
  A human skeleton (D:7)
  2 centaur skeletons
  3 iguanas
  6 worker ants
  2 hound skeletons (D:4)
  A mummy (D:7)
  7 gnolls (D:9)
  A howler monkey skeleton (D:10)
  A worker ant zombie (D:9)
  11 adders
  2 shadow imps
  6 white imps (Lair:2)
  An ooze (D:2)
  An adder zombie (D:5)
  2 worms
  3 leopard geckos
  28 orcs
  6 giant cockroaches
  5 goblins
  5 hobgoblins
  13 jackals
  5 quokkas
  4 ball pythons
  5 bats
  11 frilled lizards
  A jackal skeleton (D:4)
  9 kobolds
  2 leopard gecko skeletons
  2 quokka skeletons
  4 rats
  A fungus (D:4)
318 creatures vanquished.

Vanquished Creatures (collateral kills)
  A black mamba (Lair:1)
  A komodo dragon (Lair:1)
  A polar bear (IceCv)
  4 yaks (IceCv)
  A porcupine (Lair:1)
  A crocodile (Lair:2)
  6 white imps (Lair:2)
15 creatures vanquished.

Vanquished Creatures (others)
  A wolf (IceCv)
  An orc (D:9)
2 creatures vanquished.

Grand Total: 335 creatures vanquished

Notes
Turn   | Place    | Note
-------+----------+-------------------------------------------
     0 | D:1      | GameOver the Naga Wizard began the quest for the Orb.
     0 | D:1      | Reached XP level 1. HP: 15/15 MP: 4/4
    86 | D:1      | Reached XP level 2. HP: 22/22 MP: 3/6
   964 | D:2      | Reached XP level 3. HP: 9/28 MP: 0/7
  1031 | D:2      | Learned a level 2 spell: Blink
  1035 | D:2      | Learned a level 3 spell: Mephitic Cloud
  1851 | D:3      | Reached skill level 1 in Poison Magic
  1851 | D:3      | Reached XP level 4. HP: 27/36 MP: 4/8
  2193 | D:3      | Reached XP level 5. HP: 42/42 MP: 6/9
  2699 | D:4      | Reached skill level 5 in Conjurations
  2699 | D:4      | Reached XP level 6. HP: 37/49 MP: 8/10
  2897 | D:4      | Learned a level 3 spell: Conjure Flame
  3304 | D:4      | Found Yme Viut's Armour Shoppe.
  3504 | D:4      | Found a runed translucent door.
  3505 | D:4      | Noticed Crazy Yiuf
  3514 | D:4      | Killed Crazy Yiuf
  3580 | D:5      | Entered Level 5 of the Dungeon
  3650 | D:5      | Noticed a phantom
  3663 | D:5      | Killed a phantom
  3663 | D:5      | Reached skill level 5 in Poison Magic
  3663 | D:5      | Reached XP level 7. HP: 55/55 MP: 2/11
  3792 | D:5      | Noticed Edmund
  3807 | D:5      | Killed Edmund
  4055 | D:5      | Reached skill level 1 in Fire Magic
  4427 | D:6      | Reached XP level 8. HP: 62/62 MP: 8/12
  4706 | D:6      | Found Moom's General Store.
  4762 | D:6      | Reached skill level 5 in Stealth
  5286 | D:4      | Bought a +2 cloak of preservation for 258 gold pieces
  5773 | D:7      | Reached skill level 1 in Staves
  5782 | D:7      | Reached XP level 9. HP: 68/68 MP: 5/14
  5815 | D:7      | Found a staircase to the Ecumenical Temple.
  5849 | Temple   | Entered the Ecumenical Temple
  5919 | Temple   | Became a worshipper of Kikubaaqudgha
  6211 | D:7      | Reached skill level 1 in Maces & Flails
  6211 | D:7      | Reached skill level 1 in Necromancy
  6441 | D:7      | Found a basalt altar of Yredelemnul.
  7166 | D:8      | Noticed a two-headed ogre
  7189 | D:8      | Killed a two-headed ogre
  7189 | D:8      | Reached skill level 5 in Spellcasting
  7189 | D:8      | Reached XP level 10. HP: 75/75 MP: 6/18
  7263 | D:8      | Reached * piety under Kikubaaqudgha
  7263 | D:8      | Identified Kikubaaqudgha's Disquisition on Evil
                  | (Kikubaaqudgha gifted it to you on level 8 of the Dungeon)
  7263 | D:8      | Received a gift from Kikubaaqudgha
  7454 | D:8      | Reached skill level 5 in Necromancy
  7712 | D:9      | Found a staircase to the Lair.
  7936 | D:9      | Noticed Maggie
  7954 | D:9      | Killed Maggie
  7957 | D:9      | Reached ** piety under Kikubaaqudgha
  8046 | D:9      | Noticed Gastronok
  8088 | D:9      | HP: 1/75 [Gastronok/the air (29)]
  8092 | D:9      | Killed Gastronok
  8092 | D:9      | Reached XP level 11. HP: 11/81 MP: 4/22
  8289 | D:9      | Found a hazy altar of Hepliaklqana.
  8520 | D:9      | Found Misearut's Antique Weapon Shoppe.
  8851 | D:9      | Reached skill level 1 in Polearms
  9203 | D:10     | Entered Level 10 of the Dungeon
  9241 | D:10     | Noticed a cyclops
  9284 | D:10     | Killed a cyclops
  9284 | D:10     | Reached skill level 5 in Armour
  9476 | D:10     | Reached skill level 1 in Fighting
  9516 | D:10     | Reached *** piety under Kikubaaqudgha
  9516 | D:10     | Identified Kikubaaqudgha's Tome of Dark Secrets
                  | (Kikubaaqudgha gifted it to you on level 10 of the Dungeon)
  9516 | D:10     | Received a gift from Kikubaaqudgha
  9523 | D:10     | Learned a level 4 spell: Dispel Undead
  9528 | D:10     | Learned a level 4 spell: Animate Dead
 10100 | Lair:1   | Entered Level 1 of the Lair of Beasts
 10329 | Lair:1   | Reached XP level 12. HP: 96/96 MP: 20/24
 10366 | Lair:1   | Noticed a six-headed hydra
 10376 | Lair:1   | Killed a six-headed hydra
 10865 | Lair:2   | Found a frozen archway.
 10878 | IceCv    | Entered an ice cave
 11074 | IceCv    | Reached skill level 5 in Polearms
 11118 | IceCv    | Reached **** piety under Kikubaaqudgha
 11237 | IceCv    | Reached skill level 5 in Fighting
 11373 | IceCv    | Killed from afar by an ice statue

Illustrated notes

Levels and vault maps discovered:
D:1:      scummos_arrival_gate, layout_basic
D:2:      layout_loops_corners
D:3:      layout_basic, first_ration
D:4:      layout_basic, serial_shops, shop, minivault_24, serial_bayou_ford_a,
          grunt_ministairs_7, uniq_crazy_yiuf_cottage
D:5:      layout_basic, uniq_edmund
D:6:      layout_cave_pods, serial_shops, shop, minmay_misc_feat_cross,
          small_statue_intersection, kennysheep_decorative_pillar
D:7:      layout_basic, lemuel_mausoleum_altar_yredelemnul, temple_pool_b
D:8:      layout_rooms, the_bakery
D:9:      layout_basic, marbit_many_paths, erik_lair_orcish_takeover,
          serial_shops, kennysheep_mini, uniq_gastronok, uniq_maggie
D:10:     layout_irregular_city
Temple:   regret_index_temple_chain_breaker
Lair:1:   layout_chaotic_city, infiniplex_staircase_pool_2, grunt_megastairs_3,
          lemuel_fruit_fields
Lair:2:   layout_chaotic_city, portal_ice_cave_entry_imps, serial_bayou,
          serial_bayou_lagoon_b, serial_bayou_pond_d, serial_bayou_shore_b,
          serial_bayou_pond_b
IceCv:    ice_cave_caverns_01

Skill      XL: |  1  2  3  4  5  6  7  8  9 10 11 12 |
---------------+-------------------------------------+-----
Conjurations   | 2 3 4 5 6 |  6.0
Poison Magic   | 1 2 3 5 7 8 9 |  9.0
Fire Magic     | 1 3 |  3.0
Stealth        | 6 9 |  9.0
Translocations | 3 |  3.0
Staves         | 1 |  1.9
Maces & Flails | 3 |  3.7
Necromancy     | 4 7 8 9 |  9.4
Spellcasting   | 5 7 8 9 |  9.4
Armour         | 3 5 |  5.0
Polearms       | 3 5 |  5.5
Fighting       | 2 5 |  5.1
Dodging        | |  1.5
Summonings     | |  1.0

Action                   |  1- 3 |  4- 6 |  7- 9 | 10-12 || total
-------------------------+-------+-------+-------+-------++-------
Melee: Club              |     3 |       |       |       ||     3
       Short sword       |     4 |     4 |       |       ||     8
       Rapier            |       |    49 |       |       ||    49
       Quarterstaff      |       |     4 |    66 |       ||    70
       Flail             |       |       |   134 |   151 ||   285
       Trident           |       |       |    48 |     7 ||    55
       Spear             |       |       |       |   393 ||   393
 Cast: Magic Dart        |    43 |    58 |    99 |    88 ||   288
       Mephitic Cloud    |     1 |     2 |    18 |    83 ||   104
       Blink             |       |     1 |     6 |    13 ||    20
       Conjure Flame     |       |       |    15 |    27 ||    42
       Animate Dead      |       |       |       |     6 ||     6
Invok: Receive Corpses   |       |       |       |     1 ||     1
 Abil: Spit Poison       |    36 |    31 |    60 |   110 ||   237
Evoke: Wand              |       |       |     7 |     4 ||    11
  Use: Scroll            |     1 |     6 |     3 |     6 ||    16
       Potion            |       |       |       |     6 ||     6
 Stab: Sleeping          |       |     1 |     4 |     2 ||     7
       Confused          |       |       |     4 |    49 ||    53
       Distracted        |       |       |       |     1 ||     1
  Eat: Chunk             |     4 |     7 |    10 |    20 ||    41
       Ration            |       |       |     2 |       ||     2
Armor: Robe              |     2 |    15 |    78 |    37 ||   132
       Steam dragon scal |       |       |       |   145 ||   145
Dodge: Dodged            |    16 |    39 |    86 |   189 ||   330
